 Dungeon Crawl Stone Soup version 0.18.1-48-g4cf74bf (webtiles) character file.

7034 Inchmeat the Geomancer (level 11, -11/62 HPs)
             Began as a Gargoyle Earth Elementalist on Aug 9, 2016.
             Was an Elder of Makhleb.
             Mangled by catlovespin's ghost (17 damage)
             ... on level 10 of the Dungeon.
             The game lasted 01:23:22 (15536 turns).

Inchmeat the Geomancer (GrEE)                      Turns: 15536, Time: 01:23:23

Health: -11/62     AC: 12    Str: 13    XL:     11   Next: 8%
Magic:  10/18      EV: 10    Int: 18    God:    Makhleb [****..]
Gold:   340        SH:  3    Dex: 12    Spells: 4 memorised, 8 levels left

rFire  x . .     SeeInvis .     v - +0 flail
rCold  + . .     Gourm    .     a - +0 robe
rNeg   + . .     Faith    +     w - +0 buckler (curse)
rPois  ∞         Spirit   .     G - +1 helmet
rElec  +         Dismiss  .     m - +0 cloak
rCorr  .         Reflect  .     (no gloves)
SustAt .         Harm     .     (no boots)
MR     +....                    y - amulet of faith
Stlth  ++........               j - ring of protection from magic
                                q - ring of ice

@: somewhat resistant to hostile enchantments, unstealthy
A: agile 1, negative energy resistance 1, electricity resistance, wild magic 1,
unbreathing, petrification resistance, rot immunity, AC +7
a: Minor Destruction, Lesser Servant of Makhleb, Major Destruction, Renounce
Religion


You were on level 10 of the Dungeon.
You worshipped Makhleb.
Makhleb was greatly pleased with you.
You were very hungry.

You visited 1 branch of the dungeon, and saw 10 of its levels.

You collected 578 gold pieces.
You spent 238 gold pieces at shops.

Inventory:

Hand Weapons
 e - a +0 club
 v - a +0 flail (weapon)
 B - a +1 morningstar
Missiles
 b - 287 stones (quivered)
 k - 5 exploding tomahawks
Armour
 a - a +0 robe (worn)
 m - a +0 cloak (worn)
 w - a cursed +0 buckler (worn)
 G - a +1 helmet (worn)
Magical Staves
 g - an uncursed staff of death
Jewellery
 j - a ring of protection from magic (right hand)
 p - an uncursed ring of positive energy
 q - a ring of ice (left hand)
 y - an amulet of faith (around neck)
Wands
 f - a wand of slowing (23/48)
 t - a wand of random effects (30/48)
 z - a wand of heal wounds (5/9)
 E - a wand of polymorph (8/24)
 K - a wand of lightning (0/15)
 L - a wand of acid (5/15)
Scrolls
 l - 3 scrolls of remove curse
 n - 5 scrolls of teleportation
 s - 3 scrolls of identify
 u - a scroll of recharging
 x - a scroll of fear
 D - a scroll of blinking
 M - a scroll of amnesia
Potions
 h - a potion of ambrosia
 A - 2 potions of mutation
 C - a potion of cancellation
 F - 5 potions of heal wounds
 H - a potion of lignification
 J - 2 potions of flight
Books
 c - a book of Geomancy

   Spells                             Type                      Level
   a - Sandblast                      Earth                        1
   b - Passwall                       Transmutation/Earth          2
   c - Stone Arrow                    Conjuration/Earth            3
   d - Petrify                        Transmutation/Earth          4
   e - Lee's Rapid Deconstruction     Earth                        5
 o - a book of Cantrips

   Spells                             Type                      Level
   a - Corona                         Hexes                        1
   b - Animate Skeleton               Necromancy                   1
   c - Summon Small Mammal            Summoning                    1
   d - Apportation                    Translocation                1
Comestibles
 d - 8 bread rations
 i - 5 meat rations
 r - 2 beef jerkies
 I - 4 fruits


   Skills:
 * Level 4.4 Fighting
 - Level 8.6 Dodging
 - Level 2.1 Stealth
 + Level 0.4 Shields
 - Level 4.7 Spellcasting
 - Level 6.0 Conjurations
 - Level 0.7 Transmutations
 - Level 11.7 Earth Magic
 * Level 4.3 Invocations


You had 8 spell levels left.
You knew the following spells:

 Your Spells              Type           Power        Failure   Level  Hunger
a - Sandblast             Erth           ######       1%          1    None
b - Passwall              Trmt/Erth      ####......   4%          2    #......
c - Stone Arrow           Conj/Erth      #####.       2%          3    ###....
d - Lee's Rapid Deconstr  Erth           ######....   10%         5    ######.


Dungeon Overview and Level Annotations

Branches:
Dungeon (10/15)            Temple (0/1) D:6            Lair (0/8) D:9
    Orc (0/2) D:9

Altars:
Elyvilon
Fedhas
Gozag
Makhleb
Okawaru
Ru
Sif Muna
Trog
Zin
The Shining One

Shops:
D:6 (*[?[

Annotations:
D:4 CatHerder's ghost, amateur FoAK
D:10 catlovespin's ghost, novice FeBe


Innate Abilities, Weirdness & Mutations

You are resistant to torment.
Your stone body is resilient (AC +7).
You are immune to poison.
You resist negative energy.
You are resistant to electric shocks.
You can survive without breathing.
You are immune to petrification.
You are immune to rotting.
You are agile. (Dex +2)
Your spells are a little harder to cast, but a little more powerful.


Message History

Catlovespin's ghost wails.
Casting: Stone Arrow
Confirm with . or Enter, or press ? or * to list all spells.
Aiming: Stone Arrow
Press: ? - help, Shift-Dir - straight line, f/p - catlovespin's ghost
Aim: catlovespin's ghost The stone arrow misses catlovespin's ghost.
Catlovespin's ghost hits you.
You are feeling very hungry.
Catlovespin's ghost hits you but does no damage.
Catlovespin's ghost hits you. Catlovespin's ghost hits you!!
Catlovespin's ghost misses you.
Catlovespin's ghost lets out a mournful wail.
Catlovespin's ghost hits you!!
* * * LOW HITPOINT WARNING * * *
There is a stone staircase leading up here.
You see here a curare-tipped needle.
Catlovespin's ghost hits you!
You die...

#.(..##.......#
#....##.......#
#...(.........#
#.............#
#....##.......#
#....##.......# ....
#######.......# ....
#....##.......# ....
#..@W.........# ....
#..).##.......# ....
#....##.......# ....
#....##.......##....
#######.............
#..............
#..............
#.......(##....
##......(# ....


You could see catlovespin's ghost.

Vanquished Creatures
  Sonja (D:10)
  Pikel (D:7)
  The ghost of Inchmeat the Magician, an amateur NaWz (D:5)
  A yak (D:9)
  A wraith (D:8)
  A vampire (D:10)
  A spriggan (D:8)
  A hippogriff (D:3)
  A mottled dragon (D:8)
  4 orc warriors
  2 phantoms
  A black bear (D:7)
  5 ogres
  2 necrophages (D:6)
  A crocodile (D:9)
  4 centaurs
  8 giant frogs
  3 scorpions
  7 killer bees
  3 wights (D:8)
  3 howler monkeys
  5 jellies
  A crimson imp (D:5)
  2 giant frog zombies
  A gnoll shaman (D:8)
  7 hounds
  2 giant frog skeletons
  4 orc priests
  19 orc wizards
  5 iguanas
  8 worker ants
  A killer bee zombie (D:5)
  A hound skeleton (D:7)
  3 worker ant zombies
  15 gnolls
  A howler monkey skeleton (D:7)
  4 river rats
  7 adders
  4 shadow imps
  3 worms
  A dart slug (D:3)
  A giant gecko (D:2)
  38 orcs
  2 ball pythons (D:1)
  4 giant cockroaches
  4 goblins
  9 hobgoblins
  7 jackals
  11 kobolds
  8 quokkas
  12 bats
  A giant gecko zombie (D:7)
  5 giant newts
  14 rats
262 creatures vanquished.

Vanquished Creatures (others)
  2 slaves (D:7)
  A hound (D:7)
  A giant frog skeleton (D:7)
  2 orc wizards
  A jackal (D:7)
  6 plants (D:8)
13 creatures vanquished.

Grand Total: 275 creatures vanquished

Notes
Turn   | Place    | Note
--------------------------------------------------------------
     0 | D:1      | Inchmeat the Gargoyle Earth Elementalist began the quest for the Orb.
     0 | D:1      | Reached XP level 1. HP: 10/10 MP: 3/3
   104 | D:1      | Reached skill level 4 in Earth Magic
   140 | D:1      | Reached XP level 2. HP: 15/15 MP: 3/5
   386 | D:1      | Learned a level 2 spell: Passwall
   813 | D:1      | Reached XP level 3. HP: 18/19 MP: 1/6
  1030 | D:2      | You fall through a shaft!
  1074 | D:3      | Reached skill level 5 in Earth Magic
  1098 | D:3      | Noticed a hippogriff
  1361 | D:1      | Learned a level 3 spell: Stone Arrow
  1507 | D:2      | Reached XP level 4. HP: 24/24 MP: 3/8
  1876 | D:2      | Found a glowing golden altar of the Shining One.
  2634 | D:3      | Reached XP level 5. HP: 15/28 MP: 0/9
  3013 | D:3      | Killed a hippogriff
  3013 | D:3      | Reached skill level 6 in Earth Magic
  3013 | D:3      | Reached XP level 6. HP: 4/32 MP: 0/11
  3431 | D:3      | Reached skill level 7 in Earth Magic
  3607 | D:4      | Noticed CatHerder's ghost (amateur FoAK)
  3672 | D:4      | Found an opulent altar of Gozag.
  3784 | D:5      | Entered Level 5 of the Dungeon
  4098 | D:5      | Reached XP level 7. HP: 34/36 MP: 6/13
  4120 | D:5      | Gained mutation: You are agile. (Dex +2) [potion of beneficial mutation]
  4135 | D:5      | Noticed Inchmeat's ghost (amateur NaWz)
  4211 | D:6      | Learned a level 5 spell: Lee's Rapid Deconstruction
  4253 | D:6      | Found Rifipsaopn's General Store.
  4857 | D:4      | Reached skill level 8 in Earth Magic
  5452 | D:4      | Reached skill level 1 in Conjurations
  5675 | D:4      | HP: 1/36 [orc wizard/dagger (1)]
  6635 | D:4      | Gained mutation: Your spells are a little harder to cast, but a little more powerful. [potion of beneficial mutation]
  6682 | D:4      | Reached XP level 8. HP: 37/41 MP: 5/15
  7201 | D:5      | Reached skill level 5 in Conjurations
  8135 | D:5      | Reached skill level 9 in Earth Magic
  8518 | D:5      | Killed Inchmeat's ghost
  8518 | D:5      | Reached XP level 9. HP: 45/45 MP: 2/16
  9244 | D:6      | Found Nuafeda's Magic Scroll Shop.
  9257 | D:6      | Bought a scroll of enchant armour for 105 gold pieces
  9257 | D:6      | Bought a scroll of fear for 49 gold pieces
  9257 | D:6      | Bought a scroll of teleportation for 42 gold pieces
  9467 | D:6      | Bought a scroll of teleportation for 42 gold pieces
  9493 | D:6      | Reached skill level 5 in Dodging
  9531 | D:6      | Found Peivuotz's Weapon Emporium.
  9631 | D:6      | Found Kamighys's Antique Armour Shop.
  9703 | D:6      | Found a burning altar of Makhleb.
  9705 | D:6      | Found a white marble altar of Elyvilon.
  9706 | D:6      | Found a bloodstained altar of Trog.
  9706 | D:6      | Found a glowing silver altar of Zin.
  9758 | D:6      | Became a worshipper of Makhleb the Destroyer
  9814 | D:6      | Found Usohoug's Armour Emporium.
  9830 | D:6      | Found a staircase to the Ecumenical Temple.
 10155 | D:7      | You fall through a shaft for 2 floors!
 10228 | D:9      | Found a deep blue altar of Sif Muna.
 10614 | D:9      | Found a staircase to the Orcish Mines.
 10740 | D:9      | Reached skill level 10 in Earth Magic
 10761 | D:9      | Reached * piety under Makhleb
 11484 | D:7      | Reached XP level 10. HP: 50/50 MP: 4/17
 11983 | D:7      | Reached ** piety under Makhleb
 11983 | D:7      | Reached skill level 11 in Earth Magic
 12061 | D:7      | Noticed Pikel
 12067 | D:7      | Killed Pikel
 12527 | D:7      | Found a sacrificial altar of Ru.
 12528 | D:7      | Found a blossoming altar of Fedhas.
 13149 | D:7      | Reached *** piety under Makhleb
 13922 | D:9      | Reached skill level 1 in Fighting
 13976 | D:9      | Reached skill level 1 in Invocations
 14111 | D:9      | Reached **** piety under Makhleb
 14179 | D:9      | Found an iron altar of Okawaru.
 14596 | D:9      | Found a staircase to the Lair.
 14934 | D:10     | Entered Level 10 of the Dungeon
 14994 | D:10     | Noticed a hill giant
 14995 | D:10     | Noticed a hill giant
 15175 | D:10     | Noticed Sonja
 15180 | D:10     | Noticed catlovespin's ghost (novice FeBe)
 15412 | D:9      | Reached XP level 11. HP: 60/60 MP: 6/18
 15493 | D:10     | Killed Sonja
 15536 | D:10     | Mangled by catlovespin's ghost

Skill      XL: |  1  2  3  4  5  6  7  8  9 10 11 |
---------------+----------------------------------+-----
Earth Magic    | 4 5 6 7 8 9 10 11 | 11.7
Spellcasting   | 3 4 |  4.7
Conjurations   | 3 6 |  6.0
Dodging        | 4 6 8 |  8.6
Fighting       | 3 4 |  4.4
Invocations    | 3 4 |  4.3
Stealth        | |  2.1
Shields        | |  0.4
Transmutations | |  0.7

Action                   |  1- 3 |  4- 6 |  7- 9 | 10-12 || total
-------------------------+-------+-------+-------+-------++-------
Melee: Unarmed           |    11 |       |       |     2 ||    13
       Club              |    52 |    73 |       |       ||   125
       Flail             |       |     2 |   297 |   193 ||   492
       Staff             |       |       |    21 |       ||    21
 Cast: Sandblast         |    53 |    33 |   146 |    20 ||   252
       Stone Arrow       |       |    16 |    94 |   120 ||   230
       Passwall          |       |     1 |     7 |       ||     8
       Lee's Rapid Decon |       |       |       |     1 ||     1
Evoke: Wand              |       |       |       |     1 ||     1
  Use: Scroll            |     5 |       |    18 |     5 ||    28
       Potion            |     5 |       |     5 |     1 ||    11
 Stab: Sleeping          |     2 |       |     1 |     1 ||     4
       Distracted        |       |       |     1 |       ||     1
  Eat: Chunk             |     1 |     5 |    21 |    15 ||    42
       Pizza             |     1 |       |       |       ||     1
       Beef jerky        |       |     1 |     3 |       ||     4
       Royal jelly       |       |     1 |     1 |       ||     2
       Meat ration       |       |       |     1 |     1 ||     2
Armor: Robe              |    24 |    43 |   270 |   151 ||   488
Dodge: Dodged            |    60 |    72 |   459 |   325 ||   916
Block: Buckler           |       |       |       |     9 ||     9
